 Dungeon Crawl Stone Soup version 0.27-a0-909-g0721f309d1 (webtiles) character file.

Game seed: 2479217176007325891

17 jasper the Charlatan (level 2, -7/23 HPs)
             Began as a Demonspawn Artificer on Apr 8, 2021.
             Mangled by Sigmund
             ... wielding a +0 scythe
              (8 damage)
             ... on level 2 of the Dungeon.
             The game lasted 00:00:39 (208 turns).

jasper the Charlatan (Demonspawn Artificer)          Turns: 208, Time: 00:00:40

Health: -7/23      AC:  3    Str: 12    XL:     2   Next: 44%
Magic:  2/2        EV: 11    Int: 12    God:
Gold:   5          SH:  4    Dex: 13    Spells: 1/1 levels left

rFire    . . .     SeeInvis .   h - +2 short sword (venom)
rCold    . . .     Faith    .   (no shield)
rNeg     . . .     Spirit   .   b - +0 leather armour
rPois    .         Reflect  .   (no helmet)
rElec    .         Harm     .   (no cloak)
rCorr    .         Rampage  .   (no gloves)
Will     .....                  (no boots)
Stlth    +.........             (no amulet)
HPRegen  0.07/turn              (no ring)
MPRegen  0.08/turn              (no ring)

@: mighty, brilliant
A: large bone plates 1
a: no special abilities


You were on level 2 of the Dungeon.
You visited 1 branch of the dungeon, and saw 2 of its levels.

You collected 5 gold pieces.

Inventory:

Hand Weapons
 a - a +0 club
 h - a +2 short sword of venom (weapon)
Missiles
 f - 20 stones
Armour
 b - a +0 leather armour (worn)
Wands
 c - a wand of flame (5) (quivered)
 d - a wand of charming (14)
 e - a wand of random effects (15)


   Skills:
 + Level 2.5 Fighting
 - Level 1.7 Armour
 - Level 0.8 Dodging
 - Level 0.8 Stealth
 - Level 3.0 Evocations


You had one spell level left.
You didn't know any spells.
Your spell library was empty.

Dungeon Overview and Level Annotations

Branches:
Dungeon (2/15)

Altars:

Annotations:
D:2 Sigmund


Innate Abilities, Weirdness & Mutations

You are partially covered in large bone plates. (SH +4)


Message History

Really attack your ally Sigmund?
You hit Sigmund.
Sigmund is poisoned.
Sigmund is no longer charmed.
Sigmund is moderately wounded.
Sigmund points at you and mumbles some strange words.
You are confused.
You barely miss Sigmund.
Sigmund is heavily wounded.
Sigmund barely misses you.
You barely miss Sigmund.
Sigmund is heavily wounded.
Sigmund barely misses you.
You closely miss Sigmund.
Sigmund is heavily wounded.
Sigmund closely misses you.
You bump into the rock wall.
Sigmund casts a spell at himself.
Sigmund flickers and vanishes!
Deactivating autopickup; reactivate with Ctrl-A.
You're too confused to move!
Something barely misses you.
You miss something.
You feel less confused. Something hits you!
Ouch! That really hurt!
You take 13 damage, and have 10/23 hp.
MASSIVE DAMAGE!!
You barely miss something. Something hits you.
You take 3 damage, and have 7/23 hp.
It was a potion of might.
You feel very mighty all of a sudden.
You hear some strange, mumbled words.
A puff of flame appears from out of thin air!
The puff of flame misses you.
It was a potion of brilliance.
You feel clever all of a sudden. Something hits you.
* * * LOW HITPOINT WARNING * * *
You take 6 damage, and have 1/23 hp.
MASSIVE DAMAGE!!
Something hits you!
You die...

............# ...#..
#.#.........# ......
#..........<# .#....#
#.#.......## .......
#..........# .......##
##.........### ........#
#............ ........#
#......†...#. #.#.@#
##..........#
#.##.###..........#..
##.##{##........(.##.#
###.†...>).............#
##..........#........####
####...<.....#..........†.#
?.....†......#..........#...
.####........#........#(....
###.##...#........####..


There were no monsters in sight!

Vanquished Creatures
  An adder (D:2)
  A ball python (D:2)
  A goblin (D:2)
  2 hobgoblins
  A kobold (D:2)
  2 frilled lizards (D:2)
8 creatures vanquished.

Notes
Turn   | Place    | Note
-------+----------+-------------------------------------------
     0 | D:1      | jasper the Demonspawn Artificer began the quest for the
                  | Orb.
     0 | D:1      | Reached XP level 1. HP: 15/15 MP: 1/1
   132 | D:2      | Gained mutation: You are partially covered in large bone
                  | plates. (SH +4) [demonic ancestry]
   132 | D:2      | Reached XP level 2. HP: 22/22 MP: 2/2
   192 | D:2      | Noticed Sigmund
   207 | D:2      | HP: 1/23 [something (6)]
   208 | D:2      | Mangled by Sigmund

Illustrated notes

Levels and vault maps discovered:
D:1:      minmay_arrival_five_plusses, layout_basic, basic_ecumenical_altar
D:2:      layout_rooms, uniq_crazy_yiuf_cottage, uniq_sigmund

Skill      XL: |  1 |
---------------+----+-----
Fighting       | 2 |  2.5
Armour         | |  1.7
Dodging        | |  0.8
Stealth        | |  0.8
Evocations     | |  3.0

Action                   || total
-------------------------++-------
Melee: Club              ||     2
       Short sword       ||     6
Evoke: Wand              ||    11
  Use: Potion            ||     2
Dodge: Dodged            ||     8

Table legend: (Time is in decaauts)
 A = Elapsed time spent in this place.
 B = Non-inter-level travel time spent in this place.
 C = Inter-level travel time spent in this place.
 D = Time resting spent in this place.
 E = Time spent auto-exploring this place.
 F = Levels seen in this place.
 G = Mean time per level.
                   A        B        C        D        E       F      G
               +--------+--------+--------+--------+--------+-----+--------+
         Total |    208 |    185 |     23 |    109 |     18 |   2 |  104.0 |
       Dungeon |    208 |    185 |     23 |    109 |     18 |   2 |  104.0 |
               +--------+--------+--------+--------+--------+-----+--------+

Top non-repeatable levels by time:
     D:2: 194 daAuts
     D:1: 13 daAuts
